 Dungeon Crawl Stone Soup version 0.28-a0-751-gef3a642a4e (webtiles) character file.

Game seed: 5561910302003774122

5 plpl the Skirmisher (level 1, -1/18 HPs)
             Began as a Demonspawn Abyssal Knight on Oct 30, 2021.
             Was an Initiate of Lugonu.
             Slain by a jackal (2 damage)
             ... on level 1 of the Dungeon.
             The game lasted 00:00:25 (214 turns).

plpl the Skirmisher (Demonspawn Abyssal Knight)      Turns: 214, Time: 00:00:26

Health: -1/18      AC:  3    Str: 13    XL:     1   Next: 66%
Magic:  2/2        EV: 11    Int: 11    God:    Lugonu [......]
Gold:   11         SH:  0    Dex: 13    Spells: 0/0 levels left

rFire   . . .      SeeInvis .   a - +1 short sword
rCold   . . .      Faith    .   (no shield)
rNeg    . . .      Spirit   .   b - +0 leather armour
rPois   .          Reflect  .   (no helmet)
rElec   .          Harm     .   (no cloak)
rCorr   .          Rampage  .   (no gloves)
Will    .....                   (no boots)
Stlth   +.........              (no amulet)
HPRegen 0.06/turn               (no ring)
MPRegen 0.08/turn               (no ring)

@: no status effects
A: no striking features
a: Renounce Religion


You were on level 1 of the Dungeon.
You worshipped Lugonu.
Lugonu was noncommittal.
You visited 1 branch of the dungeon, and saw 1 of its levels.
You visited the Abyss 1 time.

You collected 11 gold pieces.

Inventory:

Hand Weapons
 a - a +1 short sword (weapon)
Armour
 b - a +0 leather armour (worn)
 c - a +0 pair of gloves
Scrolls
 d - 2 scrolls of vulnerability {unknown}


   Skills:
 - Level 3.0 Fighting
 + Level 2.2 Short Blades
 - Level 1.7 Armour
 - Level 0.8 Dodging
 - Level 2.4 Invocations


You couldn't memorise any spells.
You didn't know any spells.
Your spell library was empty.

Dungeon Overview and Level Annotations

Branches:
Dungeon (1/15)

Altars:


Message History

The frilled lizard closely misses you.
The jackal bites you but does no damage.
The jackal closely misses you.
The jackal bites you but does no damage.
You hit the jackal.
You kill the jackal!
Lugonu accepts your kill.
The jackal pauses to sniff the ground.
The jackal misses you. The frilled lizard closely misses you.
The jackal bites you. The jackal closely misses you. The jackal bites you.
You hit the frilled lizard.
You kill the frilled lizard!
Lugonu accepts your kill.
The jackal bites you but does no damage.
The jackal misses you. The jackal barely misses you. The jackal misses you.
You barely miss the jackal. The jackal barely misses you.
The jackal bites you. x3
* * * LOW HITPOINT WARNING * * *
You are too injured to fight recklessly!
You are too injured to fight recklessly!
You are too injured to fight recklessly!
You are too injured to fight recklessly!
You are too injured to fight recklessly!
You are too injured to fight recklessly!
You are too injured to fight recklessly!
You are too injured to fight recklessly!
You are too injured to fight recklessly!
You are too injured to fight recklessly!
You are too injured to fight recklessly!
You are too injured to fight recklessly!
You are too injured to fight recklessly!
You are too injured to fight recklessly!
You are too injured to fight recklessly!
You are too injured to fight recklessly!
The jackal barely misses you. x2; The jackal bites you.
* * * LOW HITPOINT WARNING * * *
The jackal barely misses you. The jackal bites you.
* * * LOW HITPOINT WARNING * * *
You closely miss the jackal. The jackal bites you.
You die...

..#.#.#...#........#.#
..#.#.###.#.#..###.#.####
..#.#.###...#..#........#
..#.#.......#..#.#.#....#
....#.......#....#.######.#
..###........#.###.........
..#.......................#
..###..........#....)......
..# #..........#@########.#
..###...)......#h##### #
...............#hh...###
###.†.........)#'.......
#...##......>†...#####
+...# ###........# #...#
#........# #...# #..?.....#
#...# ###......#


You could see 3 jackals.

Vanquished Creatures
  A ball python (D:1)
  An endoplasm (D:1)
  A jackal (D:1)
  A frilled lizard (D:1)
  A rat (D:1)
5 creatures vanquished.

Notes
Turn   | Place    | Note
-------+----------+-------------------------------------------
     0 | Abyss:1  | plpl the Demonspawn Abyssal Knight began the quest for the
                  | Orb.
     0 | Abyss:1  | Reached XP level 1. HP: 18/18 MP: 2/2
    42 | Abyss:1  | Noticed an iron imp
    42 | Abyss:1  | Noticed an ancient zyme
    42 | Abyss:1  | Noticed a harpy zombie
    42 | Abyss:1  | Noticed a spatial maelstrom
    43 | D:1      | Escaped the Abyss
    58 | D:1      | Noticed a tengu
    58 | D:1      | Noticed a demigod
    60 | D:1      | Noticed a troll
    60 | D:1      | Noticed an elf
    62 | D:1      | Noticed a vine stalker
    64 | D:1      | Noticed an ogre
    64 | D:1      | Noticed a dwarf
    68 | D:1      | Noticed a ghoul
    68 | D:1      | Noticed a demonspawn
    70 | D:1      | Noticed a merfolk
    70 | D:1      | Noticed a gargoyle
    72 | D:1      | Noticed a vampire
    72 | D:1      | Noticed a minotaur
    74 | D:1      | Noticed a draconian
    76 | D:1      | Noticed an octopode
    76 | D:1      | Noticed a felid
    78 | D:1      | Noticed a spriggan
    80 | D:1      | Noticed a human
    80 | D:1      | Noticed a formicid
    82 | D:1      | Noticed a naga
   214 | D:1      | Slain by a jackal

Illustrated notes

Levels and vault maps discovered:
D:1:      kb_arrival_jail, layout_basic, moated_statue,
          minmay_misc_feat_columns, minivault_25, st_stairs_12, minivault_26,
          hex_intersection, minivault_25, minivault_14, lemuel_flame_loot_1

Skill      XL: |  1 |
---------------+----+-----
Short Blades   | 2 |  2.2
Fighting       | |  3.0
Armour         | |  1.7
Dodging        | |  0.8
Invocations    | |  2.4

Action                   || total
-------------------------++-------
Melee: Short sword       ||    13
Invok: Depart the Abyss  ||     1
Armor: Leather armour    ||     5
Dodge: Dodged            ||    21

Table legend: (Time is in decaauts)
 A = Elapsed time spent in this place.
 B = Non-inter-level travel time spent in this place.
 C = Inter-level travel time spent in this place.
 D = Time resting spent in this place.
 E = Time spent auto-exploring this place.
 F = Levels seen in this place.
 G = Mean time per level.
                   A        B        C        D        E       F      G
               +--------+--------+--------+--------+--------+-----+--------+
         Total |    213 |    213 |      0 |      0 |    181 |   2 |  106.5 |
       Dungeon |    170 |    170 |      0 |      0 |    141 |   1 |  170.0 |
         Abyss |     43 |     43 |      0 |      0 |     40 |   1 |   43.0 |
               +--------+--------+--------+--------+--------+-----+--------+

Top non-repeatable levels by time:
     D:1: 170 daAuts
 Abyss:1: 43 daAuts
